 Dungeon Crawl Stone Soup version 0.22.0-49-gab54619 (webtiles) character file.

4843 Lew the Cleaver (level 10, -3/59 HPs)
             Began as a Gargoyle Fighter on Sept 3, 2018.
             Was a Priest of Okawaru.
             Killed from afar by a deep elf mage (23 damage)
             ... with a bolt of fire
             ... in a bailey.
             The game lasted 00:19:39 (7058 turns).

Lew the Cleaver (Gargoyle Fighter)                  Turns: 7058, Time: 00:19:40

Health: -3/59      AC: 26    Str: 24    XL:     10   Next: 49%
Magic:  10/10      EV:  6    Int: 19    God:    Okawaru [***...]
Gold:   142        SH: 10    Dex: 12    Spells: 9/9 levels left

rFire    . . .     SeeInvis +   a - +2 war axe
rCold    . . .     Gourm    .   c - +0 shield
rNeg     + . .     Faith    .   w - +2 chain mail {rPois}
rPois    ∞         Spirit   .   d - +0 helmet
rElec    +         Reflect  .   C - +0 cloak
rCorr    .         Harm     .   (no gloves)
MR       .....                  (no boots)
Stlth    ..........             (no amulet)
HPRegen  0.19/turn              i - +5 ring of protection
MPRegen  0.12/turn              h - ring of see invisible

@: mighty, brilliant, liquid flames, hasted, glowing, very quick
A: big wings, clever 2, negative energy resistance 1, electricity resistance,
unbreathing, petrification resistance, rot immunity, AC +7
a: Fly, Heroism, Renounce Religion


You were in a bailey.
You worshipped Okawaru.
Okawaru was most pleased with you.
You were not hungry.

You visited 1 branch of the dungeon, and saw 7 of its levels.
You also visited: Ossuary and Bailey.

You collected 610 gold pieces.
You spent 468 gold pieces at shops.

Inventory:

Hand Weapons
 a - a +2 war axe (weapon)
 k - a +0 dagger of flaming
Armour
 c - a +0 shield (worn)
 d - a +0 helmet (worn)
 w - a +2 chain mail of poison resistance (worn)
 C - a +0 cloak (worn)
Jewellery
 g - a +4 ring of strength
 h - a ring of see invisible (right hand)
 i - a +5 ring of protection (left hand)
 o - an uncursed ring of stealth
Wands
 s - a wand of scattershot (1)
Scrolls
 n - 4 scrolls of remove curse
 q - a scroll of teleportation
 u - a scroll of blinking
 y - a scroll of fog
Potions
 b - 3 potions of cancellation
 e - a potion of curing
 j - 3 potions of lignification
 l - a potion of brilliance
 r - a potion of flight
 x - a potion of ambrosia
 z - a potion of magic
Comestibles
 f - 7 rations


   Skills:
 - Level 5.0 Fighting
 + Level 12.0 Axes
 - Level 5.0 Armour
 - Level 5.0 Stealth
 - Level 5.0 Shields


You had 9 spell levels left.
You didn't know any spells.
Your spell library contained the following spells:

 Spells                   Type           Power        Failure   Level  Hunger
 Sandblast                Erth           ##....       43%         1    ##.....
 Passwall                 Tmut/Erth      ##......     54%         2    ###....
 Stone Arrow              Conj/Erth      ##....       75%         3    ####...
 Petrify                  Tmut/Erth      ##......     97%         4    #####..
 Lee's Rapid Deconstruct  Erth           ##........   100%        5    ######.


Dungeon Overview and Level Annotations

Branches:
Dungeon (7/15)             Temple (0/1) D:7

Altars:
Dithmenos
Elyvilon
Kikubaaqudgha
Okawaru
Wu Jian

Shops:
D:4 !   D:5 [   D:6 *[(


Innate Abilities, Weirdness & Mutations

You are resistant to torment.
Your stone body is resilient. (AC +7)
You are immune to poison.
You resist negative energy. (rN+)
You are resistant to electric shocks. (rElec)
You can survive without breathing.
You are immune to petrification.
You are immune to rotting.
Your large and strong wings let you fly indefinitely.
Your mind is very acute. (Int +4)


Message History

You kill the deep elf mage!
Okawaru is honoured by your kill.
Your Axes skill increases to level 12!
You slash the deep elf mage!
You are covered in liquid flames!
Unknown command.
You barely miss the deep elf mage. You slash the deep elf mage!
You are covered in liquid flames!
The deep elf mage hits you but does no damage.
The deep elf mage casts a spell at you. The sticky flame hits you!
You are covered in liquid flames!
Unknown command.
You miss the deep elf mage.
Your chain mail prevents you from hitting the deep elf mage.
You are covered in liquid flames!
The deep elf mage hits you but does no damage.
The deep elf mage gestures at you while chanting.
The bolt of fire hits you!
You die...

##..##..∩..#
#....#.....#
#..).##...##
.e
##..##'######.
###...###...##
#.....#.....#
#..∩..#.....#
#....e#E....#
##...@#....#
#####e#
#....#....#
#..... .....#
#..... .....#
#..... .....#
##...# #...##
.### ###. .e
..


You could see 2 deep elf magi.

Vanquished Creatures
  Pikel (D:6)
  3 deep elf magi (Bailey)
  Joseph (D:7)
  Grinder (D:3)
  Sigmund (D:2)
  Eustachio (D:5)
  Duvessa (D:6)
  A sky beast (D:4)
  2 ice beasts (D:6)
  A phantom (D:5)
  3 slaves (D:6)
  4 ogres
  3 centaurs
  A bullfrog (D:7)
  Dowan (D:6)
  A wyvern skeleton (D:6)
  3 scorpions
  A howler monkey (D:6)
  4 crimson imps
  An orc priest (D:6)
  Crazy Yiuf (D:6)
  A centaur skeleton (D:7)
  2 orc wizards
  Jessica (D:2)
  An iguana (D:6)
  Ijyb (D:5)
  A big kobold zombie (Ossuary)
  9 mummies
  5 adders
  15 gnolls
  A shadow imp (D:5)
  An ooze (D:1)
  An adder zombie (D:6)
  3 worms
  3 dart slugs (D:1)
  8 leopard geckos
  12 orcs
  8 bats
  8 giant cockroaches
  9 goblins
  5 hobgoblins
  13 jackals
  5 kobolds
  6 quokkas
  3 frilled lizards
  3 hobgoblin zombies (Ossuary)
  2 kobold zombies (Ossuary)
  A leopard gecko skeleton (D:7)
  2 orc zombies (Ossuary)
  A quokka zombie (D:5)
  9 rats
176 creatures vanquished.

Vanquished Creatures (others)
  A slave (D:6)
1 creature vanquished.

Grand Total: 177 creatures vanquished

Notes
Turn   | Place    | Note
-------+----------+-------------------------------------------
     0 | D:1      | Lew the Gargoyle Fighter began the quest for the Orb.
     0 | D:1      | Reached XP level 1. HP: 14/14 MP: 1/1
    16 | D:1      | Reached skill level 2 in Axes
   108 | D:1      | Reached XP level 2. HP: 19/19 MP: 2/2
   209 | D:1      | Reached skill level 3 in Axes
   259 | D:1      | Reached XP level 3. HP: 23/23 MP: 3/3
   618 | D:2      | Noticed Jessica
   651 | D:2      | Killed Jessica
   651 | D:2      | Reached XP level 4. HP: 16/28 MP: 4/4
   699 | D:2      | Reached skill level 4 in Axes
  1073 | D:2      | Noticed Sigmund
  1583 | D:3      | Reached XP level 5. HP: 32/32 MP: 5/5
  1717 | D:3      | Noticed Grinder
  1719 | D:3      | Paralysed by Grinder for 5 turns
  1728 | D:3      | Paralysed by Grinder for 2 turns
  1742 | D:3      | Killed Grinder
  1742 | D:3      | Reached skill level 6 in Axes
  1742 | D:3      | Reached XP level 6. HP: 15/37 MP: 6/6
  2399 | D:3      | Gained mutation: You are frail. (-10% HP) [potion of
                  | mutation]
  2399 | D:3      | Gained mutation: Your muscles are strong. (Str +2) [potion
                  | of mutation]
  2485 | D:2      | Killed Sigmund
  2485 | D:2      | Reached skill level 7 in Axes
  2485 | D:2      | Reached XP level 7. HP: 17/36 MP: 7/7
  3153 | D:4      | Found Goynogoh's Distillery.
  3161 | D:4      | Bought a potion of heal wounds for 55 gold pieces
  3161 | D:4      | Bought a potion of berserk rage for 55 gold pieces
  3161 | D:4      | Bought a potion of mutation for 88 gold pieces
  3161 | D:4      | Lost mutation: You are frail. (-10% HP) [potion of
                  | mutation]
  3161 | D:4      | Lost mutation: Your muscles are strong. (Str +2) [potion of
                  | mutation]
  3161 | D:4      | Gained mutation: Your spells are a little harder to cast,
                  | but a little more powerful. [potion of mutation]
  3161 | D:4      | Gained mutation: You have a beak for a mouth. [potion of
                  | mutation]
  3161 | D:4      | Gained mutation: Your large and strong wings let you fly
                  | indefinitely. [potion of mutation]
  3396 | D:4      | Found a shadowy altar of Dithmenos.
  3549 | D:4      | Reached skill level 8 in Axes
  3697 | D:4      | Reached XP level 8. HP: 7/46 MP: 8/8
  4209 | D:5      | Entered Level 5 of the Dungeon
  4247 | D:5      | Found a white marble altar of Elyvilon.
  4319 | D:5      | Noticed Eustachio
  4344 | D:5      | Reached skill level 1 in Stealth
  4395 | D:5      | Killed Eustachio
  4449 | D:5      | Found an iron altar of Okawaru.
  4462 | D:5      | Became a worshipper of Warmaster Okawaru
  4489 | D:5      | Noticed Ijyb
  4745 | D:5      | Killed Ijyb
  4931 | D:5      | Found Naistysm's Antique Armour Boutique.
  5136 | D:5      | Found an ancient bone altar of Kikubaaqudgha.
  5137 | D:5      | Found an ornate altar of the Wu Jian Council.
  5426 | D:6      | Found a runed door.
  5588 | D:6      | Found Fiptean's Antique Armour Shoppe.
  5598 | D:6      | Reached XP level 9. HP: 52/52 MP: 9/9
  5650 | D:6      | Reached skill level 5 in Fighting
  5650 | D:6      | Reached skill level 5 in Armour
  5650 | D:6      | Reached skill level 5 in Shields
  5666 | D:6      | Found Ifeunuxo's Antique Weapon Boutique.
  5741 | D:6      | Found Taphomil's Assorted Antiques.
  5782 | D:6      | Found a sand-covered staircase.
  5788 | D:6      | Reached * piety under Okawaru
  5792 | Ossuary  | Entered an ossuary
  5836 | Ossuary  | Reached skill level 9 in Axes
  6154 | Ossuary  | Lost mutation: Your spells are a little harder to cast, but
                  | a little more powerful. [potion of mutation]
  6154 | Ossuary  | Lost mutation: You have a beak for a mouth. [potion of
                  | mutation]
  6154 | Ossuary  | Gained mutation: Your mind is acute. (Int +2) [potion of
                  | mutation]
  6154 | Ossuary  | Gained mutation: Your mind is very acute. (Int +4) [potion
                  | of mutation]
  6203 | D:6      | Bought a jewelled scale mail for 180 gold pieces
  6203 | D:6      | Identified the cursed +1 scale mail of Defence {rF+ rN+ MR-
                  | Int+4} (You bought it in a shop on level 6 of the Dungeon)
  6204 | D:6      | Bought a helmet for 90 gold pieces
  6382 | D:6      | Noticed Dowan
  6383 | D:6      | Noticed Duvessa
  6394 | D:6      | Killed Duvessa
  6394 | D:6      | Reached skill level 5 in Stealth
  6410 | D:6      | Killed Dowan
  6543 | D:6      | Noticed Pikel
  6564 | D:6      | Killed Pikel
  6564 | D:6      | Reached ** piety under Okawaru
  6564 | D:6      | Reached skill level 10 in Axes
  6628 | D:6      | Noticed Crazy Yiuf
  6635 | D:6      | Killed Crazy Yiuf
  6788 | D:7      | Found a staircase to the Ecumenical Temple.
  6849 | D:7      | Noticed Joseph
  6865 | D:7      | Killed Joseph
  6865 | D:7      | Reached XP level 10. HP: 39/59 MP: 10/10
  6867 | D:7      | Reached skill level 11 in Axes
  6870 | D:7      | Found a flagged portal.
  6924 | Bailey   | Entered a bailey
  6932 | Bailey   | Noticed a deep elf mage
  6940 | Bailey   | Killed a deep elf mage
  6940 | Bailey   | Reached *** piety under Okawaru
  7031 | Bailey   | Noticed a deep elf mage
  7032 | Bailey   | Noticed a deep elf mage
  7032 | Bailey   | Noticed a deep elf mage
  7032 | Bailey   | Noticed a deep elf mage
  7032 | Bailey   | Noticed a deep elf mage
  7032 | Bailey   | Noticed a deep elf mage
  7041 | Bailey   | Killed a deep elf mage
  7056 | Bailey   | Killed a deep elf mage
  7056 | Bailey   | Reached skill level 12 in Axes
  7058 | Bailey   | Killed from afar by a deep elf mage

Skill      XL: |  1  2  3  4  5  6  7  8  9 10 |
---------------+-------------------------------+-----
Axes           | 2 3 4 6 7 8 10 12 | 12.0
Stealth        | 3 5 |  5.0
Fighting       | 4 5 |  5.0
Armour         | 4 5 |  5.0
Shields        | 4 5 |  5.0

Action                   |  1- 3 |  4- 6 |  7- 9 | 10-12 || total
-------------------------+-------+-------+-------+-------++-------
Melee: War axe           |    91 |   142 |   388 |    28 ||   649
       Peck              |       |       |    58 |       ||    58
Evoke: Wand              |       |       |     7 |       ||     7
  Use: Scroll            |     8 |     4 |    13 |       ||    25
       Potion            |     1 |     3 |     8 |     6 ||    18
  Eat: Ration            |       |     1 |     3 |     1 ||     5
       Chunk             |       |     1 |     5 |       ||     6
Armor: Scale mail        |    49 |    75 |    76 |       ||   200
       Chain mail        |       |       |   127 |    11 ||   138
Dodge: Dodged            |    31 |    51 |    83 |     2 ||   167
Block: Shield            |    43 |    76 |   187 |     6 ||   312
